 Dungeon Crawl Stone Soup version 0.15-a0-1880-g53e602b (console) character file.

47 MrRokkomies the Grasshopper (level 3, 0/32 HPs)
             Began as a Naga Warper on July 5, 2014.
             Slain by a worm (12 damage)
             ... on Level 2 of the Dungeon.
             The game lasted 00:05:59 (1269 turns).

MrRokkomies the Grasshopper (Naga Warper)           Turns: 1269, Time: 00:05:59

HP   0/32        AC  2     Str 13      XL: 3   Next: 70%
MP   6/6         EV  9     Int 14      God:
Gold 44          SH  0     Dex 10      Spells:  3 memorised,  1 level left

rFire  + . .     SeeInvis +     a - +0 spear
rCold  . . .     Clarity  .     e - +0 robe {rF+}
rNeg   . . .     rCorr    .     (no shield)
rPois  +         rRot     .     (no helmet)
rElec  .         Spirit   .     (no cloak)
SustAb .         Warding  .     (no gloves)
rMut   .         Stasis   .     (no barding)
Gourm  .                        (no amulet)
MR     .....                    (no ring)
                                (no ring)

@: short of breath, very slow, not resistant to hostile enchantments, very
unstealthy
A: spit poison, see invisible, deformed body, poison resistance, slowness 2, AC
+1
a: Spit Poison


You were on level 2 of the Dungeon.
You were not hungry.

You visited 1 branch of the dungeon, and saw 2 of its levels.

You collected 44 gold pieces.

Inventory:

Hand weapons
 a - a +0 spear (weapon)
Missiles
 b - 5 tomahawks (quivered)
 i - 19 poisoned needles
Armour
 e - a +0 robe of fire resistance (worn)
Comestibles
 f - a bread ration
 h - a slice of pizza
Scrolls
 d - a scroll of blinking
Potions
 g - a potion of heal wounds
 j - a potion of restore abilities {unknown}
 k - a potion of agility {unknown}
 n - 2 potions of might
Books
 c - a book of Spatial Translocations

   Spells                             Type                      Level
   *Apportation                       Translocation                1
   *Blink                             Translocation                2
   *Shroud of Golubria                Charms/Translocation         2
   Portal Projectile                  Translocation                3
   Teleport Other                     Translocation                3
   Passage of Golubria                Translocation                4


   Skills:
 - Level 2.0 Fighting
 - Level 2.0 Polearms
 * Level 2.3 Throwing
 - Level 0.7 Armour
 - Level 1.5 Dodging
 - Level 2.0 Spellcasting
 + Level 3.7 Translocations


You had one spell level left.
You knew the following spells:

 Your Spells              Type           Power        Failure   Level  Hunger
a - Apportation           Tloc           ##........   6%          1    ##.....
b - Blink                 Tloc           N/A          10%         2    ###....
c - Shroud of Golubria    Chrm/Tloc      #.........   21%         2    ###....


Dungeon Overview and Level Annotations

Branches:
Dungeon (2/15)

Altars:


Innate Abilities, Weirdness & Mutations

You cannot wear boots.
You can spit poison.
Your serpentine skin is tough (AC +1).
You have supernaturally acute eyesight.
Armour fits poorly on your strangely shaped body.
Your system is resistant to poisons.
You cover ground very slowly.


Message History

The goblin is almost dead.
The goblin hits you but does no damage.
You hit the goblin.
You kill the goblin!
You see here a dagger.
You completely miss the worm.
The worm is moderately wounded.
The worm barely misses you.
You hit the worm.
The worm is heavily wounded.
You barely miss the worm.
The worm is heavily wounded.
The worm bites you!
Use which ability? (? or * to list)
Press: ? - help, Shift-Dir - straight line, f/p - worm
Aim: a worm (heavily wounded)
The splash of poison hits the worm.
The worm is almost dead.
You feel slightly more hungry. The worm bites you!
You die...

#........ ..........
#......... ### #..........
..###########........(
..+........)...........
..##...#####.#.#.######...
..##...# #.#...w........
..##...# #..##@#........
.......# ##.##.#.......
.......# #.##.#g....##
....#### #.##.#.......
....# #..#[#....r. ....#
##.#.#..... ....+ .......
....# #(## ....# ..#


You could see a worm.

Vanquished Creatures
  A giant mite (D:1)
  2 giant geckos (D:1)
  4 bats
  6 goblins
  5 hobgoblins
  8 jackals (D:1)
  A ball python (D:1)
  2 giant newts (D:1)
  3 kobolds (D:1)
  3 rats
35 creatures vanquished.

Notes
Turn   | Place    | Note
--------------------------------------------------------------
     0 | D:1      | MrRokkomies, the Naga Warper, began the quest for the Orb.
     0 | D:1      | Reached XP level 1. HP: 19/19 MP: 3/3
    53 | D:1      | Reached skill level 1 in Throwing
   100 | D:1      | Reached XP level 2. HP: 17/26 MP: 4/4
   104 | D:1      | Learned a level 2 spell: Blink
   107 | D:1      | Learned a level 2 spell: Shroud of Golubria
   416 | D:1      | Reached XP level 3. HP: 8/32 MP: 6/6
  1269 | D:2      | Slain by a worm

Action                   || total
-------------------------++-------
Melee: Spear             ||   117
Throw: Tomahawk          ||    36
 Cast: Shroud of Golubri ||     2
 Abil: Spit Poison       ||    11
  Use: Scroll            ||     4
